 Dungeon Crawl Stone Soup version 0.21-a0-178-g0b87683 (webtiles) character file.

142 polean the Cutter (level 5, 0/41 HPs)
             Began as a Human Wanderer on Aug 9, 2017.
             Was an Initiate of Yredelemnul.
             Succumbed to an orc's poison
             ... on level 3 of the Dungeon.
             The game lasted 00:22:25 (3341 turns).

polean the Cutter (Human Wanderer)                  Turns: 3341, Time: 00:22:26

Health: 0/41       AC:  5    Str:  9 (12) XL:     5   Next: 49%
Magic:  6/6        EV:  9    Int: 12 (13) God:    Yredelemnul [......]
Gold:   105        SH:  0    Dex: 11 (13) Spells: 4/4 levels left

rFire    . . .     SeeInvis .   a - +3 dagger
rCold    . . .     Gourm    .   (no shield)
rNeg     . . .     Faith    .   c - +0 ring mail
rPois    .         Spirit   .   (no helmet)
rElec    .         Reflect  .   (no cloak)
rCorr    .         Harm     .   (no gloves)
MR       .....                  (no boots)
Stlth    +.........             k - amulet of rage
HPRegen  0.13/turn              (no ring)
MPRegen  0.10/turn              (no ring)

@: lethally poisoned (0 -> -4)
A: no striking features
a: Renounce Religion, Evoke Berserk Rage


You were on level 3 of the Dungeon.
You worshipped Yredelemnul.
Yredelemnul was noncommittal.
You were hungry.

You visited 1 branch of the dungeon, and saw 3 of its levels.

You collected 105 gold pieces.

Inventory:

Hand Weapons
 a - a +3 dagger (weapon)
Missiles
 e - 99 stones (quivered)
Armour
 c - a +0 ring mail (worn)
Jewellery
 k - an amulet of rage (around neck)
Wands
 d - a wand of random effects (0/48) {chaotic disorder}
Potions
 b - a potion of lignification
Comestibles
 f - 2 bread rations
 g - a chunk of flesh
 h - a meat ration
 j - a royal jelly
 m - 5 fruits


   Skills:
 + Level 3.0 Fighting
 + Level 4.2 Short Blades
   Level 3.0 Axes
 + Level 1.7 Throwing
 + Level 0.6 Armour
 + Level 0.4 Dodging
 + Level 1.1 Stealth
 + Level 1.8 Evocations


You had 4 spell levels left.
You didn't know any spells.

Dungeon Overview and Level Annotations

Branches:
Dungeon (3/15)

Altars:
Cheibriados
Uskayaw
Yredelemnul


Message History

You feel sick. The orc barely misses you.
You hit the orc.
You kill the orc!
Yredelemnul accepts your kill.
* * * LOW HITPOINT WARNING * * *
You feel sick.
Things that are here:
a mace; an orc corpse
* * * LOW HITPOINT WARNING * * *
You feel sick.
* * * LOW HITPOINT WARNING * * *
You feel sick.
* * * LOW HITPOINT WARNING * * *
You feel sick.
* * * LOW HITPOINT WARNING * * *
You feel sick.
* * * LOW HITPOINT WARNING * * *
You feel sick.
You die...
Your body rises from the dead as a mindless zombie.

#...##[.##....# #......
#....#..##....###......
#....#..##.............
#...)#..#####..........
#....#..# #.........#
#.......# #.........#
##.......+ #.........#
.........# #.........#
.......@.# ###########
.........# .........#
.........# ######...#
#...# ..### ...


There were no monsters in sight!

Vanquished Creatures
  An orc wizard (D:3)
  4 adders
  2 worms (D:2)
  3 dart slugs
  3 leopard geckos
  7 orcs (D:3)
  7 bats
  A giant cockroach (D:3)
  7 goblins
  4 hobgoblins
  6 jackals (D:2)
  3 kobolds (D:1)
  A quokka (D:2)
  2 frilled lizards
  7 rats
58 creatures vanquished.

Notes
Turn   | Place    | Note
-------+----------+-------------------------------------------
     0 | D:1      | polean the Human Wanderer began the quest for the Orb.
     0 | D:1      | polean set off with: a +2 dagger, a scroll of blinking, a +0 ring mail, a wand of random effects (15/48), a bread ration
     0 | D:1      | Reached XP level 1. HP: 16/16 MP: 1/1
    74 | D:1      | Reached XP level 2. HP: 13/22 MP: 2/2
   281 | D:1      | Reached XP level 3. HP: 22/27 MP: 3/3
   719 | D:1      | Reached skill level 4 in Short Blades
  1076 | D:2      | Reached XP level 4. HP: 34/34 MP: 5/5
  1244 | D:2      | Found a hide-covered altar of Uskayaw.
  1783 | D:2      | Reached skill level 1 in Throwing
  2323 | D:2      | Found a snail-covered altar of Cheibriados.
  2323 | D:2      | Found a basalt altar of Yredelemnul.
  2326 | D:2      | Became a worshipper of Yredelemnul the Dark
  2668 | D:3      | Reached XP level 5. HP: 14/40 MP: 6/6
  3335 | D:3      | HP: 2/41 [poisoned by an orc]
  3341 | D:3      | Succumbed to an orc's poison

Vault maps used:
D:1:      onia_arrival_pyramid
D:2:      nicolae_overflow_hidden_temple, gammafunk_temple_overflow_elements,
          nicolae_underground_beach
D:3:      kennysheep_vampire_church, first_bread

Skill      XL: |  1  2  3  4  5 |
---------------+----------------+-----
Short Blades   | 4 |  4.2
Throwing       | 1 |  1.7
Fighting       | 3 |  3.0
Axes           | |  3.0
Armour         | |  0.6
Dodging        | |  0.4
Stealth        | |  1.1
Evocations     | |  1.8

Action                   |  1- 3 |  4- 6 || total
-------------------------+-------+-------++-------
Melee: Dagger            |    87 |   152 ||   239
Throw: Stone             |    45 |    74 ||   119
 Abil: Evoke Berserk Rag |       |     1 ||     1
Evoke: Wand              |     9 |     6 ||    15
  Use: Potion            |     2 |     1 ||     3
       Scroll            |       |    12 ||    12
 Stab: Paralysed         |     1 |       ||     1
       Sleeping          |     1 |       ||     1
  Eat: Chunk             |     1 |     2 ||     3
       Meat ration       |       |     1 ||     1
Armor: Ring mail         |    37 |    36 ||    73
Dodge: Dodged            |    34 |    52 ||    86
